 Dungeon Crawl Stone Soup version 0.31-a0-1611-g890cdf5628 (webtiles) character file.

Game seed: 12557152172748396379

46 NateTC the Trooper (level 3, 0/24 HPs)
             Began as a Gargoyle Fighter on Jan 8, 2024.
             Slain by an orc
             ... wielding a +0 hand axe
              (10 damage)
             ... on level 2 of the Dungeon.
             The game lasted 00:02:10 (1404 turns).

NateTC the Trooper (Gargoyle Fighter)               Turns: 1404, Time: 00:02:11

Health: 0/24       AC: 10    Str: 21    XL:     3   Next: 66%
Magic:  3/3        EV:  9    Int:  8    God:
Gold:   77         SH:  4    Dex:  9    Spells: 2/2 levels left

rFire   . . .        a - +0 flail (chaos)
rCold   . . .        c - +0 buckler
rNeg    + . .        b - +0 scale mail
rPois   ∞            (no helmet)
rElec   +            (no cloak)
rCorr   .            (no gloves)
SInv    .            (no boots)
Will    .....        (no amulet) Stlth
                     (no ring)
HPRegen 0.24/turn    (no ring)
MPRegen 0.08/turn

%: no passive effects
@: no status effects
A: sickness immunity, AC +3, negative energy resistance 1, electricity
resistance, torment resistance 1, petrification resistance
a: no special abilities


You were on level 2 of the Dungeon.
You visited 1 branch of the dungeon, and saw 3 of its levels.

You collected 77 gold pieces.

Inventory:

Hand Weapons
 a - a +0 flail of chaos (weapon)
Armour
 b - a +0 scale mail (worn)
 c - a +0 buckler (worn)
Potions
 d - a potion of might
 e - a potion of curing {unknown}
 f - a potion of haste {unknown}
 g - a potion of degeneration
 h - a potion of mutation
 j - a potion of resistance {unknown}
 k - a potion of enlightenment {unknown}


   Skills:
 * Level 4.2 Fighting
 + Level 2.5 Maces & Flails
 + Level 3.8 Armour
 - Level 3.2 Shields


You had 2 spell levels left.
You didn't know any spells.
Your spell library was empty.

Dungeon Overview and Level Annotations

Branches:
Dungeon (3/15) Zot: 16550

Altars:


Innate Abilities, Weirdness & Mutations

You are immune to sickness and miasma.
Your stone body is resilient. (AC +3)
You are immune to poison.
You resist negative energy. (rN+)
You are resistant to electric shocks. (rElec)
You are resistant to unholy torment.
You are immune to petrification.


Message History

You climb downwards.
The frilled lizard hisses angrily.
The adder bites you. You block the orc's attack. You block the adder's attack.
The orc barely misses you.
There is a stone staircase leading up here.
The adder barely misses you. The orc closely misses you.
The orc hits you but does no damage. The quokka bites you.
You climb upwards.
The teleport trap disappears.
The adder disappears!
There is a stone staircase leading down here.
You hit the orc.
The orc flies into a frenzy!
The orc is severely wounded.
The orc hits the quokka with a +0 hand axe.
The orc hits you but does no damage. You block the quokka's attack.
You block the orc's attack.
The orc closely misses the quokka.
The orc barely misses you.
You closely miss the orc.
The orc is severely wounded.
The quokka closely misses you.
The orc closely misses the quokka.
The orc misses you. The orc completely misses you.
The quokka closely misses you.
The orc hits the quokka with a +0 hand axe!
The quokka dies!
The orc hits you but does no damage. The orc closely misses you.
You barely miss the orc.
The orc is severely wounded.
The orc closely misses you. The orc hits you but does no damage. x2
You barely miss the orc.
The orc is severely wounded.
The orc barely misses you. The orc hits you with a +0 hand axe.
The orc hits you but does no damage.
You barely miss the orc. The orc hits you with a +0 hand axe!
The orc closely misses you. You block the orc's attack.
The orc hits you but does no damage.
You closely miss the orc. The orc barely misses you.
The orc hits you but does no damage. You block the orc's attack.
You closely miss the orc. The orc hits you but does no damage.
The orc barely misses you. The orc hits you but does no damage.
You closely miss the orc. The orc hits you with a +0 hand axe.
You block the orc's attack. The orc hits you with a +0 hand axe!
You die...

......# #.......#.♣.._P........#
......###..........P.♣P♣.......##
............#.#.##..P.♣..........
..............#.###.♣............
####..........#..####............
...#..........##.######..........
##.#..........##.##......####....
.#.#..........##o##......# #....
#..'...........†@).......# #....
.#.#...........o.........# #....
##.#..#######............# #####
...#..#######............#
####.....................#
................###......#
................# ########
................#
...#####........#


You could see an orc and a neutral orc (fast, strong, frenzied).

Vanquished Creatures
  An adder (D:2)
  An orc (D:2)
  3 bats (D:2)
  2 endoplasms (D:2)
  2 giant cockroaches (D:1)
  5 goblins
  4 hobgoblins (D:1)
  3 jackals (D:1)
  5 ball pythons
  A frilled lizard (D:1)
  3 rats
30 creatures vanquished.

Vanquished Creatures (collateral kills)
  A quokka (D:2)
1 creature vanquished.

Grand Total: 31 creatures vanquished

Notes
Turn   | Place    | Note
-------+----------+-------------------------------------------
     0 | D:1      | NateTC the Gargoyle Fighter began the quest for the Orb.
     0 | D:1      | Reached XP level 1. HP: 14/14 MP: 1/1
    77 | D:1      | Reached XP level 2. HP: 3/19 MP: 2/2
  1049 | D:2      | Reached XP level 3. HP: 24/24 MP: 3/3
  1059 | D:2      | Reached skill level 4 in Fighting
  1232 | D:2      | Found a faded altar of an unknown god.
  1404 | D:2      | Slain by an orc

Illustrated notes

Levels and vault maps discovered:
D:1:      dpeg_arrival_pond, layout_loops_corners, minmay_misc_feat_four_crosses
D:2:      layout_basic, ebering_ecumenical_altar_petrified,
          kennysheep_decorative_pillar, kennysheep_generic_room_9
D:3:      layout_rooms, chei_slow_surprise

Skill      XL: |  1  2  3 |
---------------+----------+-----
Fighting       | 4 |  4.2
Maces & Flails | |  2.5
Armour         | |  3.8
Shields        | |  3.2

Action                     || total
---------------------------++-------
  Melee: Flail             ||   129
    Use: Scroll            ||     5
 Armour: Scale mail        ||   124
  Dodge: Dodged            ||    70
  Block: Buckler           ||    32

Table legend: (Time is in decaauts)
 A = Elapsed time spent in this place.
 B = Non-inter-level travel time spent in this place.
 C = Inter-level travel time spent in this place.
 D = Time resting spent in this place.
 E = Time spent auto-exploring this place.
 F = Levels seen in this place.
 G = Mean time per level.
                   A        B        C        D        E       F      G
               +--------+--------+--------+--------+--------+-----+--------+
         Total |   1448 |   1402 |     46 |     98 |    917 |   3 |  482.7 |
       Dungeon |   1448 |   1402 |     46 |     98 |    917 |   3 |  482.7 |
               +--------+--------+--------+--------+--------+-----+--------+

Top non-repeatable levels by time:
     D:1: 953 daAuts
     D:2: 490 daAuts
     D:3: 5 daAuts
